AoeStats
← 白鹿城拉车车

Arena

509884598Analyzed
4v4 RM · 2d ago on Sep 28, 2026· 43m 31s· 8 players
Game mode
Random Map
Map size
Large (8 player)
Population
200
Speed
Normal
Resources
Standard
Victory
Conquest
Starting age
Dark Age
Ending age
Imperial Age
RankedLock teamsTeams togetherTeam positionsShared explorationLock speedFull tech treeHidden civsTurbo modeCheats
Victory
Defeat
🇰🇷 Britons · South Korea
1366
+17
🇹🇼 Danes · Taiwan
1358
+18
🇨🇳 Varangians · China
1328
+19
🇰🇷 Bohemians · South Korea
1259
+21
🇹🇼 Saxons · Taiwan
1619
-27
🇹🇼 Varangians · Taiwan
1559
-26
🇹🇼 Mongols · Taiwan
1267
-14
🇹🇼 Danes · Taiwan
1118
-8
ALmotema
10:25 Feudal Age
14:08 Castle Age
12:33 Double-Bit Axe
12:56 Horse Collar
15:00 Heavy Plow
20:43 Scale Mail Armor
21:10 Bow Saw
22:27 Gold Mining
23:19 Wheelbarrow
24:36 Hand Cart
25:33 Chain Mail Armor
25:29 Forging
25:11 Loom
25:40 Squires
26:58 Gold Shaft Mining
27:40 Iron Casting
27:09 Pikeman
31:12 Imperial Age
29:22 Town Watch
30:27 Hamask
30:57 Arson
32:19 Siege Engineers
33:22 Plate Mail Armor
33:58 Blast Furnace
32:28 Onager
33:36 Northmen's Fury
34:27 Stone Mining
34:05 Elite Varangian Guard
35:09 Conscription
35:55 Gambesons
35:34 Elite Jomsviking
38:17 Siege Onager
38:51 Pikeman
41:04 Chemistry
40:25 Ballistics
40:15 Masonry
40:46 Fletching
40:56 Padded Archer Armor
42:31 Man-at-Arms
42:32 Halberdier
남조선사람
10:21 Feudal Age
14:26 Castle Age
13:02 Double-Bit Axe
13:26 Horse Collar
15:28 Bow Saw
16:14 Fervor
17:37 Loom
21:38 Fletching
22:27 Bodkin Arrow
22:59 Padded Archer Armor
23:24 Ballistics
23:56 Wheelbarrow
23:46 Town Watch
23:54 Gold Mining
29:20 Imperial Age
27:12 Heavy Plow
27:23 Stone Mining
28:46 Hand Cart
28:53 Caravan
30:01 Bracer
31:04 Chemistry
31:29 Leather Archer Armor
30:39 Capped Ram
32:34 Elite Longbowman
34:06 Ring Archer Armor
34:39 Yeomen
34:54 Forging
34:45 Scale Mail Armor
36:54 Two-Man Saw
36:00 Pikeman
36:41 Squires
36:21 Man-at-Arms
37:27 Long Swordsman
37:53 Gambesons
38:14 Two-Handed Swordsman
39:11 Chain Mail Armor
40:16 Iron Casting
40:49 Arson
40:41 Elite Skirmisher
42:41 Blast Furnace
42:11 Plate Mail Armor
43:43 Plate Mail Armor
43:30 Murder Holes
43:45 Masonry
43:18 Champion
BaniWang
9:18 Feudal Age
14:20 Castle Age
12:33 Horse Collar
13:18 Double-Bit Axe
16:47 Fervor
16:35 Loom
21:09 Wheelbarrow
21:17 Heavy Plow
21:43 Bow Saw
27:08 Imperial Age
25:36 Hand Cart
27:07 Chemistry
29:01 Two-Man Saw
28:37 Wagenburg Tactics
29:05 Guilds
28:25 Pikeman
29:06 Squires
28:29 Houfnice
29:40 Halberdier
30:30 Halberdier
31:15 Scale Mail Armor
32:21 Conscription
32:17 Chain Mail Armor
32:28 Siege Engineers
33:41 Forging
33:01 Man-at-Arms
34:13 Plate Mail Armor
33:58 Long Swordsman
35:15 Iron Casting
34:41 Two-Handed Swordsman
35:22 Champion
36:51 Ballistics
41:37 Blast Furnace
白鹿城拉车车
9:38 Feudal Age
13:24 Castle Age
11:37 Double-Bit Axe
12:03 Horse Collar
15:08 Bow Saw
19:24 Gold Mining
21:28 Wheelbarrow
21:28 Fletching
21:38 Padded Archer Armor
21:48 Elite Skirmisher
23:07 Bodkin Arrow
25:00 Leather Archer Armor
26:04 Stone Mining
27:16 Ballistics
28:23 Scale Barding Armor
28:52 Ballistics
28:13 Treadmill Crane
31:09 Stone Shaft Mining
33:11 Imperial Age
31:43 Chain Barding Armor
31:34 Forging
32:09 Stone Shaft Mining
32:37 Town Watch
33:10 Hand Cart
33:18 Hand Cart
32:49 Loom
33:38 Masonry
34:16 Conscription
35:15 Iron Casting
35:16 Plate Barding Armor
38:16 Blast Furnace
38:17 Bracer
38:53 Architecture
38:53 Scale Mail Armor
40:51 Chemistry
40:28 Husbandry
40:38 Bloodlines
41:34 Elite Jarl
43:01 Chain Mail Armor
44:34 Two-Man Saw
43:36 Heavy Plow
白毛
10:28 Feudal Age
14:06 Castle Age
12:24 Double-Bit Axe
12:20 Horse Collar
15:20 Bow Saw
21:05 Wheelbarrow
21:15 Gold Mining
21:29 Stone Mining
22:53 Loom
25:30 Fletching
26:16 Bodkin Arrow
30:02 Imperial Age
28:15 Scale Mail Armor
28:26 Forging
29:01 Hand Cart
29:31 Chain Mail Armor
30:12 Masonry
30:17 Elite Hearth Troop
31:18 Conscription
33:18 Plate Mail Armor
33:24 Iron Casting
34:09 Ballistics
33:39 Capped Ram
33:59 Shield Wall
35:16 Squires
35:02 Arson
37:52 Bracer
37:52 Padded Archer Armor
38:00 Man-at-Arms
38:25 Gambesons
39:06 Long Swordsman
39:08 Pikeman
40:10 Two-Handed Swordsman
41:05 Champion
41:14 Halberdier
42:53 Coinage
42:24 Caravan
42:52 Leather Archer Armor
yi
12:11 Feudal Age
15:51 Castle Age
14:56 Loom
18:51 Double-Bit Axe
23:50 Horse Collar
25:24 Arson
25:58 Scale Mail Armor
27:56 Chain Mail Armor
29:08 Forging
31:48 Imperial Age
31:36 Iron Casting
31:41 Pikeman
32:21 Squires
32:40 Town Watch
34:24 Bow Saw
34:42 Halberdier
38:13 Conscription
39:35 Plate Mail Armor
44:02 Ballistics
44:46 Chemistry
Junyou
10:02 Feudal Age
13:36 Castle Age
11:53 Double-Bit Axe
12:01 Horse Collar
14:43 Bow Saw
16:10 Loom
20:37 Wheelbarrow
22:48 Hand Cart
23:11 Gold Mining
23:28 Heavy Plow
27:41 Imperial Age
25:19 Scale Mail Armor
25:48 Squires
26:08 Forging
27:20 Chain Mail Armor
27:14 Stone Mining
27:47 Town Watch
28:12 Capped Ram
28:58 Elite Varangian Guard
30:36 Plate Mail Armor
30:22 Siege Ram
31:24 Conscription
33:20 Iron Casting
33:02 Heavy Scorpion
33:18 Gothikon
37:04 Blast Furnace
35:52 Arson
36:24 Man-at-Arms
36:49 Gambesons
37:01 Elite Jarl
38:10 Vendel Legacy
40:06 Guilds
40:21 Fletching
41:02 Bodkin Arrow
41:16 Scale Barding Armor
41:59 Murder Holes
42:25 Ballistics
42:31 Chain Barding Armor
小小財
9:52 Feudal Age
12:01 Loom
14:26 Castle Age
13:48 Double-Bit Axe
14:31 Fletching
17:42 Horse Collar
19:09 Bow Saw
21:05 Heavy Plow
22:44 Gold Mining
24:03 Wheelbarrow
26:47 Gold Shaft Mining
26:58 Padded Archer Armor
26:54 Bodkin Arrow
30:46 Imperial Age
28:34 Hand Cart
31:27 Bloodlines
31:18 Husbandry
31:58 Conscription
32:08 Conscription
32:55 Fortified Wall
33:15 Thumb Ring
33:53 Stone Mining
34:26 Ballistics
35:13 Chemistry
38:58 Light Cavalry
39:50 Forging
39:46 Scale Barding Armor
40:16 Light Cavalry
40:53 Hussar
Connection lost

Rejoining the realm…

Still unreachable

The connection could not be restored.

Session expired

The server has moved on; the page needs a fresh start.